AoeStats
← 42afurnace

MegaRandom

509055356Analyzed
2v2 RM · 8d ago on Sep 25, 2026· 30m 8s· 4 players
Game mode
Random Map
Map size
Medium (4 player)
Population
200
Speed
Normal
Resources
Standard
Victory
Conquest
Starting age
Dark Age
Ending age
Imperial Age
RankedLock teamsTeams togetherTeam positionsShared explorationLock speedFull tech treeHidden civsTurbo modeCheats
Victory
Defeat
🇨🇦 Bulgarians · Canada
1163
+16
🇨🇦 Franks · Canada
1163
+16
🇨🇳 Franks · China
1170
-16
🇫🇷 Ethiopians · France
1153
-16
sasha
5:27 Loom
10:24 Feudal Age
11:28 Double-Bit Axe
15:22 Fletching
30:04 Castle Age
277130753
10:22 Feudal Age
9:12 Loom
25:15 Castle Age
25:48 Fletching
26:32 Crossbowman
BigDog 420 Xo
9:33 Feudal Age
7:48 Loom
10:10 Double-Bit Axe
10:20 Gold Mining
13:19 Scale Mail Armor
15:19 Horse Collar
16:39 Arson
17:39 Forging
17:46 Forging
21:29 Castle Age
23:01 Iron Casting
22:43 Chain Mail Armor
23:20 Squires
23:07 Gambesons
42afurnace
7:23 Loom
10:07 Feudal Age
13:24 Forging
25:39 Castle Age
25:34 Scale Barding Armor
28:31 Chain Barding Armor
29:05 Husbandry
Connection lost

Rejoining the realm…

Still unreachable

The connection could not be restored.

Session expired

The server has moved on; the page needs a fresh start.